 Dungeon Crawl Stone Soup version 0.32-a0-975-g85d4e5bfdb (webtiles) character file.

Game seed: 17721155149387973636

166 markshark the Covered (level 5, -5/47 HPs)
             Began as a Minotaur Fighter on Apr 19, 2024.
             Slain by a toenail golem (7 damage)
             ... on level 3 of the Dungeon.
             The game lasted 00:05:27 (2269 turns).

markshark the Covered (Minotaur Fighter)            Turns: 2269, Time: 00:05:27

Health: -5/47      AC:  8    Str: 22 (23) XL:     5   Next: 22%
Magic:  4/4        EV:  8    Int:  2 (5)  God:
Gold:   147        SH:  4    Dex:  8 (9)  Spells: 4/4 levels left

rFire   . . .        a - +0 war axe
rCold   . . .        c - +0 buckler
rNeg    . . .        b - +0 scale mail
rPois   +            (helmet restricted)
rElec   .            j - +0 cloak
rCorr   .            (no gloves)
SInv    .            (no boots)
Will    .....        (no amulet) Stlth
                     (no ring)
HPRegen 0.27/turn    (no ring)
MPRegen 0.09/turn

%: no passive effects
@: mighty
A: horns 2, retaliatory headbutt, poison resistance
a: no special abilities


You were on level 3 of the Dungeon.
You visited 1 branch of the dungeon, and saw 3 of its levels.

You collected 147 gold pieces.

Inventory:

Hand Weapons
 a - a +0 war axe (weapon)
Armour
 b - a +0 scale mail (worn)
 c - a +0 buckler (worn)
 j - a +0 cloak (worn)
Talismans
 h - a granite talisman
Wands
 g - a wand of acid (7)
Scrolls
 f - 2 scrolls of identify
 k - 2 scrolls of amnesia {unknown}
Potions
 e - 3 potions of curing
 l - a potion of resistance {unknown}


   Skills:
 + Level 4.5 Fighting
 + Level 4.5 Axes
 + Level 4.6 Armour
 + Level 0.8 Dodging
 + Level 4.2 Shields


You had 4 spell levels left.
You didn't know any spells.
Your spell library contained the following spells:

 Spells                   Type           Power      Damage    Failure   Level
 Cigotuvi's Dreadful Rot  Necr/Alch/Air  0%         N/A       97%         2
 Ignite Poison            Fire/Alch      0%         N/A       100%        4
 Freezing Cloud           Conj/Ice/Air   0%         6-21      100%        5


Dungeon Overview and Level Annotations

Branches:
Dungeon (3/15)

Altars:

Shops:
D:1 [

Annotations:
D:3 1 transporter, D0namaru's ghost, amateur TeGl


Innate Abilities, Weirdness & Mutations

You have a pair of horns on your head.
You reflexively headbutt those who attack you in melee.
Your system is resistant to poisons. (rPois)


Message History

You hit the toenail golem but do no damage.
The toenail golem is lightly damaged.
The toenail golem hits you.
D0namaru's ghost turns its malevolent gaze towards you.
You hit the toenail golem.
The toenail golem is moderately damaged.
The toenail golem hits you but does no damage.
You barely miss the toenail golem.
The toenail golem is moderately damaged.
You block the toenail golem's attack.
The toenail golem hits you but does no damage.
You slash the toenail golem!
The toenail golem is moderately damaged.
The toenail golem hits you.
You hit the toenail golem.
The toenail golem is heavily damaged.
The toenail golem hits you.
You barely miss the toenail golem.
The toenail golem is heavily damaged.
The toenail golem hits you! The toenail golem barely misses you.
D0namaru's ghost hits you.
* * * LOW HITPOINT WARNING * * *
You slash the toenail golem!
The toenail golem is severely damaged.
You hit D0namaru's ghost.
D0namaru's ghost hits you but does no damage.
The toenail golem hits you.
* * * LOW HITPOINT WARNING * * *
You feel very mighty all of a sudden. D0namaru's ghost hits you.
* * * LOW HITPOINT WARNING * * *
The toenail golem hits you.
* * * LOW HITPOINT WARNING * * *
Unknown command.
It was a potion of degeneration.
There was something very wrong with that liquid.
You feel weakened.
You feel dopey.
You feel clumsy.
D0namaru's ghost hits you but does no damage.
The toenail golem hits you!
You die...

#....# .#... #####....
#....###..#.##........
#......#.##.#.........
#.....©#$..##..###....
#.....##:#©#©.##5##...
#....##$ #.##.#...##..
#....#.###..###K#.##..
#...##9^##.......##...
#...#@W5......#.K#....
#...#.###$..##.#.#....
#...###.##5####.##....
#........###..###.....
##....................
#....................
##########...........
############


You could see a toenail golem, a quasit and D0namaru's ghost.

Vanquished Creatures
  A scorpion (D:3)
  2 adders (D:2)
  An ufetubus (D:3)
  2 dart slugs
  4 ribbon worms
  6 orcs (D:3)
  6 bats
  9 endoplasms
  4 giant cockroaches
  3 goblins
  2 hobgoblins
  6 kobolds
  2 quokkas
  7 ball pythons
  A frilled lizard (D:2)
  5 rats
61 creatures vanquished.

Notes
Turn   | Place    | Note
-------+----------+-------------------------------------------
     0 | D:1      | markshark the Minotaur Fighter began the quest for the Orb.
     0 | D:1      | Reached XP level 1. HP: 19/19 MP: 0/0
    80 | D:1      | Reached XP level 2. HP: 26/27 MP: 1/1
   346 | D:1      | Found Lilatat's Armour Boutique.
   804 | D:2      | Reached XP level 3. HP: 27/33 MP: 2/2
   976 | D:2      | Gained mutation: Armour fits poorly on your strangely
                  | shaped body. [potion of mutation]
  1502 | D:3      | Found a faded altar of an unknown god.
  1515 | D:3      | Reached XP level 4. HP: 40/40 MP: 3/3
  1850 | D:3      | Lost mutation: Armour fits poorly on your strangely shaped
                  | body. [potion of mutation]
  1850 | D:3      | Gained mutation: Your system is resistant to poisons.
                  | (rPois) [potion of mutation]
  1901 | D:3      | Noticed a scorpion
  1908 | D:3      | Killed a scorpion
  1909 | D:3      | Reached XP level 5. HP: 37/47 MP: 4/4
  2102 | D:3      | Noticed a toenail golem
  2132 | D:3      | Found a transporter.
  2132 | D:3      | Found a transporter.
  2152 | D:3      | Noticed D0namaru's ghost (amateur TeGl)
  2268 | D:3      | HP: 2/47 [toenail golem (5)]
  2269 | D:3      | Slain by a toenail golem

Illustrated notes

Levels and vault maps discovered:
D:1:      minmay_arrival_arboretum_small, layout_loops_ring, serial_shops,
          nicolae_shop_stone
D:2:      layout_loops_ring, hangedman_decor_lopped
D:3:      layout_basic, gammafunk_ghost_abyssal_escape,
          hellmonk_ecumenical_altar_run_dry

Skill      XL: |  1  2  3  4 |
---------------+-------------+-----
Fighting       | 4 |  4.5
Shields        | 4 |  4.2
Axes           | 3 4 |  4.5
Armour         | 4 |  4.6
Dodging        | |  0.8

Action                     |  1- 3 |  4- 6 || total
---------------------------+-------+-------++-------
  Melee: War axe           |    93 |    51 ||   144
         Headbutt          |    12 |     8 ||    20
    Use: Scroll            |     4 |       ||     4
         Potion            |     3 |     3 ||     6
 Armour: Scale mail        |    92 |    70 ||   162
  Dodge: Dodged            |    41 |    35 ||    76
  Block: Buckler           |    14 |    15 ||    29

Table legend: (Time is in decaauts)
 A = Elapsed time spent in this place.
 B = Non-inter-level travel time spent in this place.
 C = Inter-level travel time spent in this place.
 D = Time resting spent in this place.
 E = Time spent auto-exploring this place.
 F = Levels seen in this place.
 G = Mean time per level.
                   A        B        C        D        E       F      G
               +--------+--------+--------+--------+--------+-----+--------+
         Total |   2299 |   2299 |      0 |      0 |   1621 |   3 |  766.3 |
       Dungeon |   2299 |   2299 |      0 |      0 |   1621 |   3 |  766.3 |
               +--------+--------+--------+--------+--------+-----+--------+

Top non-repeatable levels by time:
     D:1: 793 daAuts
     D:3: 790 daAuts
     D:2: 715 daAuts
